Long Beach Ice Dogs vs Peoria Rivermen
Created - Thursday, June 15, 2023 at 07:02
Goals
|
| Long Beach Ice Dogs |
0 |
1 |
2 |
3 |
| Peoria Rivermen |
3 |
1 |
1 |
5 |
|
Shots
|
| Long Beach Ice Dogs |
10 |
12 |
8 |
30 |
| Peoria Rivermen |
12 |
7 |
12 |
31 |
|
1st period
1. Peoria Rivermen , Ryan Lomberg 31 (Tyler Pitlick 34, Connor Mackey 18) at 9:25
2. Peoria Rivermen , Jakob Pelletier 23 (Josiah Slavin 30, Sasha Chmelevski 67) at 16:55
3. Peoria Rivermen , Sasha Chmelevski 42 (Nico Sturm 12, Scott Wedgewood) at 18:35 (PP)
Penalties :
Connor Mackey (PRM) for Hooking (Minor) at 0:23, Zack Kassian (TRM) for Hooking (Minor) at 17:35
2nd period
4. Peoria Rivermen , Brandon Biro 31 (Matthew Kessel 7, Jesper Froden 9) at 1:01
5. Long Beach Ice Dogs , Zack Kassian 24 (Alex Galchenyuk 29, Olli Juolevi 9) at 6:24
Penalties :
Connor Mackey (PRM) for Holding (Minor) at 1:48, Trey Fix-Wolansky (TRM) for Roughing (Minor) at 7:30, Ryan Lomberg (PRM) for Roughing (Minor) at 18:16
3rd period
6. Peoria Rivermen , Tyler Pitlick 19 (Nico Sturm 13) at 0:04 (SH)
7. Long Beach Ice Dogs , Gabriel Vilardi 51 (Brendan Gallagher 62) at 2:16
8. Long Beach Ice Dogs , Logan Brown 22 (Dysin Mayo 34, Justin Schultz 33) at 3:34 (SH)
Penalties :
Ryan Lomberg (PRM) for Fighting (Major) at 2:30, Riley Stillman (TRM) for Fighting (Major) at 2:30, Brendan Gallagher (TRM) for Tripping (Minor) at 2:52, Trey Fix-Wolansky (TRM) for Hooking (Minor) at 7:43, Jalen Chatfield (PRM) for High sticking (Minor) at 16:37
Goalie Stats
Ilya Konovalov (TRM), 26 saves from 31 shots - (0.839), L, 0-1-0, 60:00 minutes
Scott Wedgewood (PRM), 27 saves from 30 shots - (0.900), W, 10-1-1, 60:00 minutes
Players Stats for Long Beach Ice Dogs
Player Name G A P +/- PIM S H SB GA TA FO MP PP MP PK MP
------------------------------------------------------------------------------------
Alex Galchenyuk 0 1 1 0 0 1 0 3 0 0 2/3 16:55 4:01 0:11
Brendan Gallagher 0 1 1 -1 2 2 3 0 1 0 2/5 17:58 3:55 2:32
Darren Helm 0 0 0 0 0 1 0 0 0 1 0/0 18:41 3:55 3:37
Dysin Mayo 0 1 1 0 0 1 1 2 0 0 0/0 22:51 3:56 4:07
Gabriel Vilardi 1 0 1 -1 0 4 1 1 0 2 6/16 17:56 3:55 3:19
Janis Moser 0 0 0 0 0 1 2 3 0 1 0/0 23:33 4:00 2:50
Jansen Harkins 0 0 0 -1 0 2 1 0 0 0 0/0 12:41 0:00 0:00
Jujhar Khaira 0 0 0 -1 0 5 2 0 0 1 5/9 12:41 0:00 0:00
Justin Schultz 0 1 1 0 0 2 2 1 0 0 0/0 23:40 3:56 4:07
Logan Brown 1 0 1 1 0 4 0 0 2 0 2/7 9:29 0:00 0:55
Mathieu Olivier 0 0 0 -1 0 2 2 0 1 0 0/1 12:41 0:00 0:00
Olli Juolevi 0 1 1 -1 0 0 2 1 0 0 0/0 14:21 0:00 0:26
Riley Stillman 0 0 0 0 5 0 0 0 0 1 0/0 21:13 4:00 2:24
Shane Bowers 0 0 0 0 0 0 0 0 0 0 0/0 8:34 0:00 0:00
Trey Fix-Wolansky 0 0 0 0 4 1 2 0 0 0 0/0 8:59 0:00 0:00
Victor Rask 0 0 0 0 0 2 0 0 1 0 1/10 19:40 4:01 3:19
William Lagesson 0 0 0 -1 0 1 1 0 0 0 0/0 14:21 0:00 0:00
Zack Kassian 1 0 1 0 2 1 4 0 0 0 0/1 16:44 4:01 0:01
Players Stats for Peoria Rivermen
Player Name G A P +/- PIM S H SB GA TA FO MP PP MP PK MP
------------------------------------------------------------------------------------
Brandon Biro 1 0 1 0 0 2 1 1 1 0 0/0 11:29 0:00 1:17
Connor Mackey 0 1 1 0 4 1 2 1 0 1 0/0 18:46 3:28 1:30
Dakota Joshua 0 0 0 1 0 4 1 1 0 1 13/19 14:48 3:25 0:00
Grant Mismash 0 0 0 0 0 0 0 0 0 0 1/3 9:36 0:00 0:00
Jakob Pelletier 1 0 1 0 0 6 2 0 1 0 6/10 12:05 0:29 0:00
Jalen Chatfield 0 0 0 2 2 0 1 0 1 0 0/0 25:06 3:29 2:54
Jesper Froden 0 1 1 0 0 2 0 1 0 0 0/0 9:36 0:00 0:00
Jonas Rondbjerg 0 0 0 0 0 2 3 1 0 0 0/0 11:23 0:00 0:00
Josiah Slavin 0 1 1 -1 0 2 1 1 0 0 0/0 16:30 4:18 0:00
Matthew Kessel 0 1 1 -1 0 1 1 0 0 1 0/0 14:20 0:00 1:57
Nick Leddy 0 0 0 -1 0 1 1 0 0 0 0/0 13:41 0:00 1:15
Nico Sturm 0 2 2 0 0 2 1 0 2 0 9/12 19:45 3:32 3:43
Radim Zohorna 0 0 0 0 0 0 2 1 0 0 0/0 13:29 0:03 0:38
Ryan Lomberg 1 0 1 1 7 3 6 1 0 0 0/0 15:29 2:07 2:45
Sasha Chmelevski 1 1 2 -1 0 1 0 2 1 0 1/2 19:17 3:32 3:46
Tyler Pitlick 1 1 2 2 0 2 0 0 0 1 4/6 19:01 3:25 3:43
Yegor Zamula 0 0 0 2 0 0 1 1 0 0 0/0 26:25 3:29 4:12
Zachary Jones 0 0 0 0 0 2 0 1 0 1 0/0 21:13 3:28 4:04
3 Stars
1 - Tyler Pitlick (PRM)
2 - Sasha Chmelevski (PRM)
3 - Jakob Pelletier (PRM)
Power Play
Long Beach Ice Dogs - 0 on 4 Attempt(s) - 0.00%
Peoria Rivermen - 1 on 4 Attempt(s) - 25.00%
Penalty Kill
Long Beach Ice Dogs - 3 on 4 Attempt(s) - 75.00%
- Score 1 goal in Penalty Kill
Peoria Rivermen - 4 on 4 Attempt(s) - 100.00%
- Score 1 goal in Penalty Kill
Team Stat
Long Beach Ice Dogs - Hits : 23 - Faceoff Wins : 18 - Blocked Shots : 11 - Penalty Minutes : 13
Peoria Rivermen - Hits : 23 - Faceoff Wins : 34 - Blocked Shots : 12 - Penalty Minutes : 13
Official
Referees : Tom Kowal and Brad Watson
Linesman : Vaughan Rody and David Brisebois
Game Notes
Ryan Lomberg and Riley Stillman fight to a draw at 2:30 of 3rd period
3:34 of 3rd period - Long Beach Ice Dogs goal is going for a video replay. After video review, Goal.
Long Beach Ice Dogs
5 vs 5 Forward
Center Left Wing Right Wing Time % Phy DF OF
1 Gabriel Vilardi Darren Helm Brendan Gallagher 30 1 2 2
2 Victor Rask Alex Galchenyuk Zack Kassian 30 1 2 2
3 Jujhar Khaira Jansen Harkins Mathieu Olivier 25 1 2 2
4 Logan Brown Shane Bowers Trey Fix-Wolansky 15 1 2 2
5 vs 5 Defense
Defense Defense Time % Phy DF OF
1 Dysin Mayo Justin Schultz 35 1 2 2
2 Riley Stillman Janis Moser 35 1 2 2
3 William Lagesson Olli Juolevi 30 1 2 2
4 Dysin Mayo Justin Schultz 0 1 2 2
PowerPlay Forward
Center Left Wing Right Wing Time % Phy DF OF
1 Gabriel Vilardi Darren Helm Brendan Gallagher 50 1 2 2
2 Victor Rask Alex Galchenyuk Zack Kassian 50 1 2 2
PowerPlay Defense
Defense Defense Time % Phy DF OF
1 Dysin Mayo Justin Schultz 50 1 2 2
2 Riley Stillman Janis Moser 50 1 2 2
Penalty Kill 4 Players Forward
Center Wing Time % Phy DF OF
1 Brendan Gallagher Darren Helm 50 1 2 2
2 Gabriel Vilardi Victor Rask 50 1 2 2
Penalty Kill 4 Players Defense
Defense Defense Time % Phy DF OF
1 Dysin Mayo Justin Schultz 50 1 2 2
2 Riley Stillman Janis Moser 50 1 2 2
Penalty Kill - 3 Players Forward
Forward Time % Phy DF OF
1 Brendan Gallagher 50 1 2 2
2 Darren Helm 50 1 2 2
Penalty Kill - 3 Players Defense
Defense Defense Time % Phy DF OF
1 Dysin Mayo Justin Schultz 50 1 2 2
2 Riley Stillman Janis Moser 50 1 2 2
4 vs 4 Forward
Center Wing Time % Phy DF OF
1 Brendan Gallagher Darren Helm 50 1 2 2
2 Gabriel Vilardi Victor Rask 50 1 2 2
4 vs 4 Defense
Defense Defense Time % Phy DF OF
1 Dysin Mayo Justin Schultz 50 1 2 2
2 Riley Stillman Janis Moser 50 1 2 2
Last Minutes Offensive
Center Left Wing Right Wing Defense Defense
Gabriel Vilardi Darren Helm Brendan Gallagher Dysin Mayo Justin Schultz
Last Minutes Defensive
Center Left Wing Right Wing Defense Defense
Gabriel Vilardi Darren Helm Brendan Gallagher Dysin Mayo Justin Schultz
Goaltenders
Starting : Ilya Konovalov
Backup : Akira Schmid
Extra Forwards
Normal : Shane Bowers, Jujhar Khaira, Logan Brown - PP : Shane Bowers, Jujhar Khaira - PK : Logan Brown
Extra Defensemen
Normal : William Lagesson, Olli Juolevi, Riley Stillman - PP : William Lagesson - PK : Olli Juolevi, Riley Stillman
Penalty Shots
Brendan Gallagher, Darren Helm, Gabriel Vilardi, Victor Rask, Alex Galchenyuk
Peoria Rivermen
5 vs 5 Forward
Center Left Wing Right Wing Time % Phy DF OF
1 Nico Sturm Radim Zohorna Sasha Chmelevski 30 1 2 2
2 Dakota Joshua Ryan Lomberg Tyler Pitlick 30 1 2 2
3 Jakob Pelletier Josiah Slavin Jonas Rondbjerg 25 1 2 2
4 Grant Mismash Brandon Biro Jesper Froden 15 1 2 2
5 vs 5 Defense
Defense Defense Time % Phy DF OF
1 Jalen Chatfield Yegor Zamula 30 1 2 2
2 Zachary Jones Connor Mackey 30 1 2 2
3 Nick Leddy Matthew Kessel 25 1 2 2
4 Jalen Chatfield Yegor Zamula 15 1 2 2
PowerPlay Forward
Center Left Wing Right Wing Time % Phy DF OF
1 Nico Sturm Josiah Slavin Sasha Chmelevski 50 1 2 2
2 Dakota Joshua Ryan Lomberg Tyler Pitlick 50 1 2 2
PowerPlay Defense
Defense Defense Time % Phy DF OF
1 Jalen Chatfield Yegor Zamula 50 1 2 2
2 Zachary Jones Connor Mackey 50 1 2 2
Penalty Kill 4 Players Forward
Center Wing Time % Phy DF OF
1 Tyler Pitlick Nico Sturm 50 1 2 2
2 Sasha Chmelevski Ryan Lomberg 50 1 2 2
Penalty Kill 4 Players Defense
Defense Defense Time % Phy DF OF
1 Jalen Chatfield Yegor Zamula 50 1 2 2
2 Zachary Jones Connor Mackey 50 1 2 2
Penalty Kill - 3 Players Forward
Forward Time % Phy DF OF
1 Sasha Chmelevski 50 1 2 2
2 Nico Sturm 50 1 2 2
Penalty Kill - 3 Players Defense
Defense Defense Time % Phy DF OF
1 Jalen Chatfield Yegor Zamula 50 1 2 2
2 Zachary Jones Connor Mackey 50 1 2 2
4 vs 4 Forward
Center Wing Time % Phy DF OF
1 Jakob Pelletier Nico Sturm 50 1 2 2
2 Sasha Chmelevski Ryan Lomberg 50 1 2 2
4 vs 4 Defense
Defense Defense Time % Phy DF OF
1 Jalen Chatfield Yegor Zamula 50 1 2 2
2 Zachary Jones Connor Mackey 50 1 2 2
Last Minutes Offensive
Center Left Wing Right Wing Defense Defense
Nico Sturm Ryan Lomberg Sasha Chmelevski Jalen Chatfield Yegor Zamula
Last Minutes Defensive
Center Left Wing Right Wing Defense Defense
Nico Sturm Ryan Lomberg Sasha Chmelevski Jalen Chatfield Yegor Zamula
Goaltenders
Starting : Scott Wedgewood
Backup : Joey Daccord
Extra Forwards
Normal : Josiah Slavin, Jakob Pelletier, Brandon Biro - PP : Josiah Slavin, Jakob Pelletier - PK : Brandon Biro
Extra Defensemen
Normal : Jalen Chatfield, Matthew Kessel, Zachary Jones - PP : Yegor Zamula - PK : Matthew Kessel, Zachary Jones
Penalty Shots
Brandon Biro, Nico Sturm, Sasha Chmelevski, Ryan Lomberg, Tyler Pitlick
% Time on Ice - Long Beach Ice Dogs
Lines # - Real PCT - Wanted PCT - Time Play
Normal Forward
1 - 26% - 30% - 11:32
2 - 27% - 30% - 12:20
3 - 28% - 25% - 12:41
4 - 19% - 15% - 8:34
Normal Defense
1 - 33% - 35% - 14:48
2 - 37% - 35% - 16:43
3 - 30% - 30% - 13:36
4 - 0% - 0% - 0:00
PP Forward
1 - 49% - 50% - 3:55
2 - 51% - 50% - 4:01
PP Defense
1 - 50% - 50% - 3:56
2 - 50% - 50% - 4:00
PK Forward
1 - 52% - 50% - 3:38
2 - 48% - 50% - 3:19
PK Defense
1 - 59% - 50% - 4:07
2 - 41% - 50% - 2:50
PK3 Forward
1 - 0% - 50%
2 - 0% - 50%
PK3 Defense
1 - 0% - 50%
2 - 0% - 50%
44 Forward
1 - 0% - 50%
2 - 0% - 50%
44 Defense
1 - 0% - 50%
2 - 0% - 50%
Last Minute Offensive - 0:00
Last Minute Defensive - 0:00
Total
Forward - 60:00
Defense - 60:00
|
% Time on Ice - Peoria Rivermen
Lines # - Real PCT - Wanted PCT - Time Play
Normal Forward
1 - 28% - 30% - 12:37
2 - 25% - 30% - 11:21
3 - 26% - 25% - 11:33
4 - 21% - 15% - 9:36
Normal Defense
1 - 31% - 30% - 13:49
2 - 31% - 30% - 14:00
3 - 27% - 25% - 12:23
4 - 11% - 15% - 4:55
PP Forward
1 - 51% - 50% - 3:32
2 - 49% - 50% - 3:25
PP Defense
1 - 50% - 50% - 3:29
2 - 50% - 50% - 3:28
PK Forward
1 - 51% - 50% - 4:04
2 - 49% - 50% - 3:52
PK Defense
1 - 54% - 50% - 4:19
2 - 46% - 50% - 3:37
PK3 Forward
1 - 0% - 50%
2 - 0% - 50%
PK3 Defense
1 - 0% - 50%
2 - 0% - 50%
44 Forward
1 - 0% - 50%
2 - 0% - 50%
44 Defense
1 - 0% - 50%
2 - 0% - 50%
Last Minute Offensive - 0:00
Last Minute Defensive - 0:00
Total
Forward - 60:00
Defense - 60:00
|
Play-by-Play
1st period
0:01 of 1st period - Nico Sturm wins face-off versus Gabriel Vilardi in neutral zone.
0:12 of 1st period - Snap shot by Gabriel Vilardi.
0:12 of 1st period - Stopped by Scott Wedgewood without a rebound.
0:13 of 1st period - Alex Galchenyuk wins face-off versus Dakota Joshua in Peoria Rivermen zone.
0:23 of 1st period - Minor Penalty to Connor Mackey for Hooking.
0:24 of 1st period - Gabriel Vilardi wins face-off versus Tyler Pitlick in Peoria Rivermen zone.
1:32 of 1st period - Sasha Chmelevski is hit by Zack Kassian and loses puck.
2:23 of 1st period - Penalty to Connor Mackey is over, Connor Mackey is back on ice.
2:38 of 1st period - Wrist shot by Jujhar Khaira.
2:38 of 1st period - Stopped by Scott Wedgewood without a rebound.
2:39 of 1st period - Logan Brown wins face-off versus Jakob Pelletier in Peoria Rivermen zone.
2:44 of 1st period - Wrist shot by Logan Brown.
2:44 of 1st period - Stopped by Scott Wedgewood with a rebound.
2:51 of 1st period - Off-side.
2:52 of 1st period - Dakota Joshua wins face-off versus Victor Rask in neutral zone.
3:17 of 1st period - Nico Sturm is hit by Brendan Gallagher and loses puck.
3:45 of 1st period - Off-side.
3:46 of 1st period - Dakota Joshua wins face-off versus Alex Galchenyuk in neutral zone.
3:55 of 1st period - Snap shot by Tyler Pitlick.
3:55 of 1st period - Shot Misses the Net.
4:11 of 1st period - Alex Galchenyuk is hit by Jonas Rondbjerg.
4:42 of 1st period - Wrist shot by Brendan Gallagher.
4:42 of 1st period - Stopped by Scott Wedgewood with a rebound.
4:58 of 1st period - Wrist shot by Mathieu Olivier.
4:58 of 1st period - Stopped by Scott Wedgewood with a rebound.
6:29 of 1st period - Slapshot by Brandon Biro.
6:29 of 1st period - Shot Misses the Net.
6:31 of 1st period - Slapshot by Zachary Jones.
6:31 of 1st period - Stopped by Ilya Konovalov with a rebound.
6:43 of 1st period - Icing by Justin Schultz.
6:44 of 1st period - Dakota Joshua wins face-off versus Logan Brown in Long Beach Ice Dogs zone.
6:45 of 1st period - Wrist shot by Ryan Lomberg.
6:45 of 1st period - Stopped by Ilya Konovalov with a rebound.
6:55 of 1st period - Snap shot by Logan Brown.
6:55 of 1st period - Deflect By Trey Fix-Wolansky.
6:55 of 1st period - Stopped by Scott Wedgewood without a rebound.
6:56 of 1st period - Gabriel Vilardi wins face-off versus Dakota Joshua in Peoria Rivermen zone.
7:45 of 1st period - Slapshot by Nico Sturm.
7:45 of 1st period - Shot Misses the Net.
8:17 of 1st period - Dysin Mayo is hit by Nick Leddy and loses puck.
8:44 of 1st period - Brendan Gallagher is hit by Ryan Lomberg and loses puck.
9:00 of 1st period - Darren Helm is hit by Connor Mackey and loses puck.
9:11 of 1st period - Slapshot by Gabriel Vilardi.
9:11 of 1st period - Shot Misses the Net.
9:21 of 1st period - Snap shot by Ryan Lomberg.
9:21 of 1st period - Shot Misses the Net.
9:23 of 1st period - Slapshot by Ryan Lomberg.
9:23 of 1st period - Shot Misses the Net.
9:25 of 1st period - Wrist shot by Ryan Lomberg.
9:25 of 1st period - Goal by Ryan Lomberg - Long Beach Ice Dogs : 0 - Peoria Rivermen : 1.
9:26 of 1st period - Jujhar Khaira wins face-off versus Jakob Pelletier in neutral zone.
9:35 of 1st period - Slapshot by Jujhar Khaira.
9:35 of 1st period - Shot Blocked by Josiah Slavin.
9:51 of 1st period - Zack Kassian is hit by Nico Sturm and loses puck.
9:58 of 1st period - Snap shot by Nico Sturm.
9:58 of 1st period - Stopped by Ilya Konovalov with a rebound.
10:34 of 1st period - Slapshot by Jujhar Khaira.
10:34 of 1st period - Stopped by Scott Wedgewood without a rebound.
10:35 of 1st period - Jakob Pelletier wins face-off versus Victor Rask in Peoria Rivermen zone.
10:42 of 1st period - Slapshot by Jakob Pelletier.
10:42 of 1st period - Shot Blocked by Justin Schultz.
11:50 of 1st period - Snap shot by Zack Kassian.
11:50 of 1st period - Shot Misses the Net.
11:52 of 1st period - Wrist shot by Alex Galchenyuk.
11:52 of 1st period - Shot Blocked by Ryan Lomberg.
12:11 of 1st period - Slapshot by Logan Brown.
12:11 of 1st period - Shot Misses the Net.
12:33 of 1st period - Nico Sturm is hit by Mathieu Olivier and loses puck.
12:48 of 1st period - Snap shot by Jakob Pelletier.
12:48 of 1st period - Shot Misses the Net.
12:50 of 1st period - Slapshot by Nick Leddy.
12:50 of 1st period - Shot Blocked by Janis Moser.
12:52 of 1st period - Snap shot by Jonas Rondbjerg.
12:52 of 1st period - Deflect By Jakob Pelletier.
12:52 of 1st period - Stopped by Ilya Konovalov with a rebound.
12:54 of 1st period - Wrist shot by Jakob Pelletier.
12:54 of 1st period - Stopped by Ilya Konovalov with a rebound.
12:56 of 1st period - Slapshot by Jonas Rondbjerg.
12:56 of 1st period - Stopped by Ilya Konovalov with a rebound.
13:10 of 1st period - Slapshot by Brandon Biro.
13:10 of 1st period - Deflect By Jesper Froden.
13:10 of 1st period - Stopped by Ilya Konovalov with a rebound.
14:08 of 1st period - Yegor Zamula is hit by Jujhar Khaira and loses puck.
14:25 of 1st period - Slapshot by Nick Leddy.
14:25 of 1st period - Shot Misses the Net.
15:05 of 1st period - Off-side.
15:06 of 1st period - Dakota Joshua wins face-off versus Victor Rask in neutral zone.
15:09 of 1st period - Dysin Mayo is hit by Ryan Lomberg.
15:41 of 1st period - Snap shot by Gabriel Vilardi.
15:41 of 1st period - Stopped by Scott Wedgewood with a rebound.
15:53 of 1st period - Josiah Slavin is hit by Dysin Mayo and loses puck.
15:58 of 1st period - Wrist shot by Jujhar Khaira.
15:58 of 1st period - Deflect By Jansen Harkins.
15:58 of 1st period - Stopped by Scott Wedgewood without a rebound.
15:59 of 1st period - Jujhar Khaira wins face-off versus Dakota Joshua in Peoria Rivermen zone.
16:39 of 1st period - Zack Kassian is hit by Jalen Chatfield.
16:51 of 1st period - Slapshot by Jakob Pelletier.
16:51 of 1st period - Stopped by Ilya Konovalov with a rebound.
16:53 of 1st period - Snap shot by Josiah Slavin.
16:53 of 1st period - Stopped by Ilya Konovalov with a rebound.
16:55 of 1st period - Slapshot by Jakob Pelletier.
16:55 of 1st period - Goal by Jakob Pelletier - Long Beach Ice Dogs : 0 - Peoria Rivermen : 2.
16:56 of 1st period - Jakob Pelletier wins face-off versus Gabriel Vilardi in neutral zone.
17:11 of 1st period - Wrist shot by Brendan Gallagher.
17:11 of 1st period - Stopped by Scott Wedgewood with a rebound.
17:23 of 1st period - Zack Kassian is hit by Radim Zohorna and loses puck.
17:35 of 1st period - Minor Penalty to Zack Kassian for Hooking.
17:36 of 1st period - Brendan Gallagher wins face-off versus Nico Sturm in Long Beach Ice Dogs zone.
17:45 of 1st period - Off-side.
17:46 of 1st period - Nico Sturm wins face-off versus Gabriel Vilardi in neutral zone.
17:59 of 1st period - Snap shot by Sasha Chmelevski.
17:59 of 1st period - Shot Misses the Net.
18:35 of 1st period - Backhand shot by Nico Sturm.
18:35 of 1st period - Deflect By Sasha Chmelevski.
18:35 of 1st period - Goal by Sasha Chmelevski - Long Beach Ice Dogs : 0 - Peoria Rivermen : 3.
18:36 of 1st period - Dakota Joshua wins face-off versus Victor Rask in neutral zone.
19:28 of 1st period - Gabriel Vilardi is hit by Jakob Pelletier and loses puck.
Goals for this period are 0 for Long Beach Ice Dogs vs 3 for Peoria Rivermen.
Shots for this period are 10 for Long Beach Ice Dogs vs 12 for Peoria Rivermen.
2nd period
0:01 of 2nd period - Nico Sturm wins face-off versus Gabriel Vilardi in neutral zone.
0:14 of 2nd period - Snap shot by Gabriel Vilardi.
0:14 of 2nd period - Shot Misses the Net.
0:16 of 2nd period - Snap shot by Darren Helm.
0:16 of 2nd period - Shot Misses the Net.
0:26 of 2nd period - Jujhar Khaira is hit by Ryan Lomberg and loses puck.
0:51 of 2nd period - Snap shot by Jesper Froden.
0:51 of 2nd period - Stopped by Ilya Konovalov with a rebound.
0:57 of 2nd period - Snap shot by Brandon Biro.
0:57 of 2nd period - Shot Misses the Net.
0:59 of 2nd period - Wrist shot by Brandon Biro.
0:59 of 2nd period - Stopped by Ilya Konovalov with a rebound.
1:01 of 2nd period - Snap shot by Brandon Biro.
1:01 of 2nd period - Goal by Brandon Biro - Long Beach Ice Dogs : 0 - Peoria Rivermen : 4.
1:02 of 2nd period - Alex Galchenyuk wins face-off versus Nico Sturm in neutral zone.
1:09 of 2nd period - Wrist shot by Victor Rask.
1:09 of 2nd period - Shot Blocked by Radim Zohorna.
1:11 of 2nd period - Wrist shot by Victor Rask.
1:11 of 2nd period - Stopped by Scott Wedgewood without a rebound.
1:12 of 2nd period - Nico Sturm wins face-off versus Victor Rask in Peoria Rivermen zone.
1:19 of 2nd period - Snap shot by Victor Rask.
1:19 of 2nd period - Shot Misses the Net.
1:43 of 2nd period - Wrist shot by Victor Rask.
1:43 of 2nd period - Stopped by Scott Wedgewood with a rebound.
1:45 of 2nd period - Snap shot by Alex Galchenyuk.
1:45 of 2nd period - Stopped by Scott Wedgewood without a rebound.
1:46 of 2nd period - Dakota Joshua wins face-off versus Gabriel Vilardi in Peoria Rivermen zone.
1:48 of 2nd period - Minor Penalty to Connor Mackey for Holding.
1:49 of 2nd period - Nico Sturm wins face-off versus Victor Rask in Peoria Rivermen zone.
2:27 of 2nd period - Wrist shot by Darren Helm.
2:27 of 2nd period - Shot Blocked by Sasha Chmelevski.
3:10 of 2nd period - Icing by Dysin Mayo.
3:11 of 2nd period - Sasha Chmelevski wins face-off versus Victor Rask in Long Beach Ice Dogs zone.
3:14 of 2nd period - Snap shot by Sasha Chmelevski.
3:14 of 2nd period - Shot Misses the Net.
3:48 of 2nd period - Penalty to Connor Mackey is over, Connor Mackey is back on ice.
4:08 of 2nd period - Wrist shot by Logan Brown.
4:08 of 2nd period - Stopped by Scott Wedgewood with a rebound.
4:20 of 2nd period - Wrist shot by Jujhar Khaira.
4:20 of 2nd period - Stopped by Scott Wedgewood with a rebound.
4:57 of 2nd period - William Lagesson is hit by Josiah Slavin and loses puck.
5:24 of 2nd period - William Lagesson is hit by Matthew Kessel and loses puck.
5:33 of 2nd period - Grant Mismash is hit by William Lagesson and loses puck.
6:02 of 2nd period - Slapshot by Nick Leddy.
6:02 of 2nd period - Shot Blocked by Alex Galchenyuk.
6:22 of 2nd period - Slapshot by Alex Galchenyuk.
6:22 of 2nd period - Shot Misses the Net.
6:24 of 2nd period - Wrist shot by Zack Kassian.
6:24 of 2nd period - Goal by Zack Kassian - Long Beach Ice Dogs : 1 - Peoria Rivermen : 4.
6:25 of 2nd period - Dakota Joshua wins face-off versus Gabriel Vilardi in neutral zone.
6:28 of 2nd period - Darren Helm is hit by Ryan Lomberg and loses puck.
6:35 of 2nd period - Wrist shot by Ryan Lomberg.
6:35 of 2nd period - Shot Blocked by Dysin Mayo.
6:37 of 2nd period - Wrist shot by Dakota Joshua.
6:37 of 2nd period - Stopped by Ilya Konovalov with a rebound.
6:39 of 2nd period - Slapshot by Zachary Jones.
6:39 of 2nd period - Stopped by Ilya Konovalov with a rebound.
6:58 of 2nd period - Slapshot by Jansen Harkins.
6:58 of 2nd period - Shot Misses the Net.
7:00 of 2nd period - Backhand shot by Dysin Mayo.
7:00 of 2nd period - Stopped by Scott Wedgewood with a rebound.
7:04 of 2nd period - Wrist shot by Mathieu Olivier.
7:04 of 2nd period - Shot Blocked by Jonas Rondbjerg.
7:30 of 2nd period - Minor Penalty to Trey Fix-Wolansky for Roughing.
7:31 of 2nd period - Brendan Gallagher wins face-off versus Dakota Joshua in Long Beach Ice Dogs zone.
7:36 of 2nd period - Off-side.
7:37 of 2nd period - Dakota Joshua wins face-off versus Brendan Gallagher in neutral zone.
7:48 of 2nd period - Wrist shot by Dakota Joshua.
7:48 of 2nd period - Stopped by Ilya Konovalov without a rebound.
7:49 of 2nd period - Tyler Pitlick wins face-off versus Brendan Gallagher in Long Beach Ice Dogs zone.
8:14 of 2nd period - Zachary Jones is hit by Gabriel Vilardi and loses puck.
8:24 of 2nd period - Wrist shot by Sasha Chmelevski.
8:24 of 2nd period - Shot Hit the Post.
9:30 of 2nd period - Penalty to Trey Fix-Wolansky is over, Trey Fix-Wolansky is back on ice.
9:37 of 2nd period - Wrist shot by Darren Helm.
9:37 of 2nd period - Stopped by Scott Wedgewood with a rebound.
10:09 of 2nd period - Snap shot by Jansen Harkins.
10:09 of 2nd period - Shot Misses the Net.
10:11 of 2nd period - Slapshot by Mathieu Olivier.
10:11 of 2nd period - Stopped by Scott Wedgewood without a rebound.
10:12 of 2nd period - Jujhar Khaira wins face-off versus Grant Mismash in Peoria Rivermen zone.
10:15 of 2nd period - Snap shot by Jujhar Khaira.
10:15 of 2nd period - Shot Blocked by Brandon Biro.
10:17 of 2nd period - Snap shot by Jujhar Khaira.
10:17 of 2nd period - Shot Misses the Net.
10:19 of 2nd period - Slapshot by William Lagesson.
10:19 of 2nd period - Deflect By Brandon Biro.
10:19 of 2nd period - Stopped by Scott Wedgewood without a rebound.
10:20 of 2nd period - Jujhar Khaira wins face-off versus Grant Mismash in Peoria Rivermen zone.
10:25 of 2nd period - Slapshot by Mathieu Olivier.
10:25 of 2nd period - Shot Misses the Net.
10:27 of 2nd period - Wrist shot by Jujhar Khaira.
10:27 of 2nd period - Shot Misses the Net.
10:29 of 2nd period - Backhand shot by Justin Schultz.
10:29 of 2nd period - Stopped by Scott Wedgewood with a rebound.
10:31 of 2nd period - Snap shot by Mathieu Olivier.
10:31 of 2nd period - Shot Misses the Net.
10:33 of 2nd period - Wrist shot by Jujhar Khaira.
10:33 of 2nd period - Shot Misses the Net.
10:35 of 2nd period - Slapshot by Jansen Harkins.
10:35 of 2nd period - Stopped by Scott Wedgewood without a rebound.
10:36 of 2nd period - Dakota Joshua wins face-off versus Victor Rask in Peoria Rivermen zone.
10:45 of 2nd period - Slapshot by Zachary Jones.
10:45 of 2nd period - Shot Blocked by Alex Galchenyuk.
10:47 of 2nd period - Slapshot by Dakota Joshua.
10:47 of 2nd period - Stopped by Ilya Konovalov with a rebound.
11:12 of 2nd period - Slapshot by Brendan Gallagher.
11:12 of 2nd period - Shot Misses the Net.
11:34 of 2nd period - Logan Brown is hit by Radim Zohorna and loses puck.
12:36 of 2nd period - Slapshot by Sasha Chmelevski.
12:36 of 2nd period - Shot Misses the Net.
13:22 of 2nd period - Snap shot by Jujhar Khaira.
13:22 of 2nd period - Shot Blocked by Dakota Joshua.
13:34 of 2nd period - Janis Moser is hit by Jonas Rondbjerg.
13:54 of 2nd period - Slapshot by Brandon Biro.
13:54 of 2nd period - Shot Blocked by Alex Galchenyuk.
14:16 of 2nd period - Wrist shot by Dakota Joshua.
14:16 of 2nd period - Shot Misses the Net.
14:56 of 2nd period - Victor Rask is hit by Jonas Rondbjerg and loses puck.
15:24 of 2nd period - Ryan Lomberg is hit by Olli Juolevi and loses puck.
15:40 of 2nd period - Icing by Ryan Lomberg.
15:41 of 2nd period - Jakob Pelletier wins face-off versus Jujhar Khaira in Peoria Rivermen zone.
15:41 of 2nd period - Jakob Pelletier is hit by Jansen Harkins.
15:47 of 2nd period - Matthew Kessel is hit by Olli Juolevi and loses puck.
15:54 of 2nd period - Wrist shot by Jujhar Khaira.
15:54 of 2nd period - Shot Misses the Net.
16:16 of 2nd period - Snap shot by Brandon Biro.
16:16 of 2nd period - Shot Misses the Net.
16:18 of 2nd period - Slapshot by Brandon Biro.
16:18 of 2nd period - Shot Misses the Net.
18:09 of 2nd period - Yegor Zamula is hit by Trey Fix-Wolansky and loses puck.
18:16 of 2nd period - Minor Penalty to Ryan Lomberg for Roughing.
18:17 of 2nd period - Victor Rask wins face-off versus Sasha Chmelevski in Peoria Rivermen zone.
19:24 of 2nd period - Off-side.
19:25 of 2nd period - Gabriel Vilardi wins face-off versus Tyler Pitlick in neutral zone.
19:28 of 2nd period - Connor Mackey is hit by Brendan Gallagher and loses puck.
Goals for this period are 1 for Long Beach Ice Dogs vs 1 for Peoria Rivermen.
Shots for this period are 12 for Long Beach Ice Dogs vs 7 for Peoria Rivermen.
3rd period
0:01 of 3rd period - Tyler Pitlick wins face-off versus Zack Kassian in neutral zone.
0:04 of 3rd period - Slapshot by Tyler Pitlick.
0:04 of 3rd period - Goal by Tyler Pitlick - Long Beach Ice Dogs : 1 - Peoria Rivermen : 5.
0:05 of 3rd period - Tyler Pitlick wins face-off versus Gabriel Vilardi in neutral zone.
0:16 of 3rd period - Penalty to Ryan Lomberg is over, Ryan Lomberg is back on ice.
0:18 of 3rd period - Snap shot by Brendan Gallagher.
0:18 of 3rd period - Shot Misses the Net.
1:02 of 3rd period - Wrist shot by Logan Brown.
1:02 of 3rd period - Stopped by Scott Wedgewood with a rebound.
1:12 of 3rd period - Jansen Harkins is hit by Ryan Lomberg and loses puck.
1:17 of 3rd period - Snap shot by Ryan Lomberg.
1:17 of 3rd period - Stopped by Ilya Konovalov with a rebound.
1:19 of 3rd period - Backhand shot by Tyler Pitlick.
1:19 of 3rd period - Shot Misses the Net.
1:21 of 3rd period - Slapshot by Dakota Joshua.
1:21 of 3rd period - Stopped by Ilya Konovalov with a rebound.
1:23 of 3rd period - Slapshot by Yegor Zamula.
1:23 of 3rd period - Deflect By Dakota Joshua.
1:23 of 3rd period - Shot Misses the Net.
1:23 of 3rd period - Puck is out of play.
1:24 of 3rd period - Nico Sturm wins face-off versus Gabriel Vilardi in Long Beach Ice Dogs zone.
1:58 of 3rd period - Dakota Joshua is hit by Justin Schultz.
2:10 of 3rd period - Slapshot by Justin Schultz.
2:10 of 3rd period - Shot Blocked by Zachary Jones.
2:12 of 3rd period - Slapshot by Justin Schultz.
2:12 of 3rd period - Deflect By Mathieu Olivier.
2:12 of 3rd period - Shot Misses the Net.
2:12 of 3rd period - Puck is out of play.
2:13 of 3rd period - Gabriel Vilardi wins face-off versus Jakob Pelletier in Peoria Rivermen zone.
2:16 of 3rd period - Wrist shot by Brendan Gallagher.
2:16 of 3rd period - Deflect By Gabriel Vilardi.
2:16 of 3rd period - Goal by Gabriel Vilardi - Long Beach Ice Dogs : 2 - Peoria Rivermen : 5.
2:17 of 3rd period - Dakota Joshua wins face-off versus Brendan Gallagher in neutral zone.
2:30 of 3rd period - Ryan Lomberg and Riley Stillman fight to a draw.
2:30 of 3rd period - Penalty to Ryan Lomberg for Fighting.
2:30 of 3rd period - Penalty to Riley Stillman for Fighting.
2:31 of 3rd period - Gabriel Vilardi wins face-off versus Dakota Joshua in Peoria Rivermen zone.
2:36 of 3rd period - Snap shot by Gabriel Vilardi.
2:36 of 3rd period - Stopped by Scott Wedgewood with a rebound.
2:52 of 3rd period - Minor Penalty to Brendan Gallagher for Tripping.
2:53 of 3rd period - Dakota Joshua wins face-off versus Logan Brown in Long Beach Ice Dogs zone.
2:54 of 3rd period - Snap shot by Tyler Pitlick.
2:54 of 3rd period - Deflect By Darren Helm.
2:54 of 3rd period - Stopped by Ilya Konovalov without a rebound.
2:55 of 3rd period - Dakota Joshua wins face-off versus Logan Brown in Long Beach Ice Dogs zone.
3:00 of 3rd period - Slapshot by Dakota Joshua.
3:00 of 3rd period - Deflect By Dysin Mayo.
3:00 of 3rd period - Shot Misses the Net.
3:00 of 3rd period - Puck is out of play.
3:01 of 3rd period - Logan Brown wins face-off versus Dakota Joshua in Long Beach Ice Dogs zone.
3:30 of 3rd period - Slapshot by Justin Schultz.
3:30 of 3rd period - Shot Blocked by Sasha Chmelevski.
3:32 of 3rd period - Slapshot by Dysin Mayo.
3:32 of 3rd period - Shot Blocked by Connor Mackey.
3:34 of 3rd period - Snap shot by Logan Brown.
3:34 of 3rd period - Long Beach Ice Dogs goal is going for a video replay.
3:34 of 3rd period - The goal is good.
3:34 of 3rd period - Goal by Logan Brown - Long Beach Ice Dogs : 3 - Peoria Rivermen : 5.
3:35 of 3rd period - Dakota Joshua wins face-off versus Gabriel Vilardi in neutral zone.
3:38 of 3rd period - Slapshot by Jalen Chatfield.
3:38 of 3rd period - Shot Blocked by Gabriel Vilardi.
3:50 of 3rd period - Wrist shot by Dakota Joshua.
3:50 of 3rd period - Shot Blocked by Janis Moser.
4:52 of 3rd period - Penalty to Brendan Gallagher is over, Brendan Gallagher is back on ice.
5:18 of 3rd period - Radim Zohorna is hit by Mathieu Olivier and loses puck.
5:23 of 3rd period - Slapshot by Mathieu Olivier.
5:23 of 3rd period - Shot Misses the Net.
6:14 of 3rd period - Radim Zohorna is hit by Janis Moser and loses puck.
6:27 of 3rd period - Tyler Pitlick is hit by Justin Schultz and loses puck.
6:42 of 3rd period - Snap shot by Logan Brown.
6:42 of 3rd period - Shot Hit the Post.
6:44 of 3rd period - Wrist shot by Trey Fix-Wolansky.
6:44 of 3rd period - Shot Misses the Net.
6:46 of 3rd period - Slapshot by Justin Schultz.
6:46 of 3rd period - Stopped by Scott Wedgewood with a rebound.
6:48 of 3rd period - Snap shot by Shane Bowers.
6:48 of 3rd period - Shot Blocked by Jesper Froden.
6:50 of 3rd period - Slapshot by Justin Schultz.
6:50 of 3rd period - Shot Misses the Net.
7:43 of 3rd period - Minor Penalty to Trey Fix-Wolansky for Hooking.
7:44 of 3rd period - Gabriel Vilardi wins face-off versus Nico Sturm in Long Beach Ice Dogs zone.
8:26 of 3rd period - Snap shot by Victor Rask.
8:26 of 3rd period - Shot Misses the Net.
9:07 of 3rd period - Wrist shot by Nico Sturm.
9:07 of 3rd period - Stopped by Ilya Konovalov with a rebound.
9:09 of 3rd period - Backhand shot by Connor Mackey.
9:09 of 3rd period - Stopped by Ilya Konovalov without a rebound.
9:10 of 3rd period - Nico Sturm wins face-off versus Gabriel Vilardi in Long Beach Ice Dogs zone.
9:43 of 3rd period - Penalty to Trey Fix-Wolansky is over, Trey Fix-Wolansky is back on ice.
10:12 of 3rd period - Snap shot by Josiah Slavin.
10:12 of 3rd period - Shot Blocked by Dysin Mayo.
11:20 of 3rd period - Jujhar Khaira is hit by Dakota Joshua and loses puck.
11:41 of 3rd period - Gabriel Vilardi is hit by Connor Mackey and loses puck.
12:13 of 3rd period - William Lagesson is hit by Yegor Zamula and loses puck.
12:22 of 3rd period - Jalen Chatfield is hit by Zack Kassian and loses puck.
12:42 of 3rd period - Matthew Kessel is hit by Brendan Gallagher and loses puck.
12:57 of 3rd period - Jujhar Khaira is hit by Ryan Lomberg and loses puck.
13:04 of 3rd period - Ryan Lomberg is hit by Jujhar Khaira and loses puck.
13:17 of 3rd period - Matthew Kessel is hit by Trey Fix-Wolansky and loses puck.
13:32 of 3rd period - Jesper Froden is hit by Zack Kassian and loses puck.
14:51 of 3rd period - Olli Juolevi is hit by Jakob Pelletier and loses puck.
15:10 of 3rd period - Slapshot by Trey Fix-Wolansky.
15:10 of 3rd period - Shot Misses the Net.
15:12 of 3rd period - Slapshot by Olli Juolevi.
15:12 of 3rd period - Shot Misses the Net.
15:14 of 3rd period - Slapshot by Janis Moser.
15:14 of 3rd period - Stopped by Scott Wedgewood without a rebound.
15:15 of 3rd period - Nico Sturm wins face-off versus Mathieu Olivier in Peoria Rivermen zone.
15:22 of 3rd period - Snap shot by Jujhar Khaira.
15:22 of 3rd period - Stopped by Scott Wedgewood without a rebound.
15:23 of 3rd period - Nico Sturm wins face-off versus Jujhar Khaira in Peoria Rivermen zone.
15:23 of 3rd period - Nico Sturm is hit by Janis Moser.
15:45 of 3rd period - Icing by Riley Stillman.
15:46 of 3rd period - Jujhar Khaira wins face-off versus Jakob Pelletier in Long Beach Ice Dogs zone.
16:37 of 3rd period - Minor Penalty to Jalen Chatfield for High sticking.
16:38 of 3rd period - Tyler Pitlick wins face-off versus Victor Rask in Peoria Rivermen zone.
16:58 of 3rd period - Matthew Kessel is hit by Zack Kassian and loses puck.
18:25 of 3rd period - Zack Kassian is hit by Brandon Biro and loses puck.
18:37 of 3rd period - Penalty to Jalen Chatfield is over, Jalen Chatfield is back on ice.
18:48 of 3rd period - Wrist shot by Mathieu Olivier.
18:48 of 3rd period - Shot Blocked by Yegor Zamula.
18:50 of 3rd period - Wrist shot by Jujhar Khaira.
18:50 of 3rd period - Stopped by Scott Wedgewood with a rebound.
18:52 of 3rd period - Snap shot by Jansen Harkins.
18:52 of 3rd period - Deflect By Jujhar Khaira.
18:52 of 3rd period - Shot Misses the Net.
18:52 of 3rd period - Puck is out of play.
18:53 of 3rd period - Jakob Pelletier wins face-off versus Logan Brown in Peoria Rivermen zone.
19:00 of 3rd period - Slapshot by Josiah Slavin.
19:00 of 3rd period - Stopped by Ilya Konovalov with a rebound.
19:02 of 3rd period - Snap shot by Josiah Slavin.
19:02 of 3rd period - Shot Blocked by Olli Juolevi.
19:04 of 3rd period - Slapshot by Nick Leddy.
19:04 of 3rd period - Deflect By Jonas Rondbjerg.
19:04 of 3rd period - Stopped by Ilya Konovalov without a rebound.
19:05 of 3rd period - Jakob Pelletier wins face-off versus Jujhar Khaira in Long Beach Ice Dogs zone.
19:06 of 3rd period - Wrist shot by Josiah Slavin.
19:06 of 3rd period - Shot Misses the Net.
19:08 of 3rd period - Wrist shot by Jakob Pelletier.
19:08 of 3rd period - Shot Blocked by Janis Moser.
19:10 of 3rd period - Slapshot by Nick Leddy.
19:10 of 3rd period - Stopped by Ilya Konovalov with a rebound.
19:12 of 3rd period - Snap shot by Jonas Rondbjerg.
19:12 of 3rd period - Shot Misses the Net.
19:14 of 3rd period - Wrist shot by Matthew Kessel.
19:14 of 3rd period - Shot Misses the Net.
19:16 of 3rd period - Slapshot by Matthew Kessel.
19:16 of 3rd period - Deflect By Jansen Harkins.
19:16 of 3rd period - Stopped by Ilya Konovalov with a rebound.
19:18 of 3rd period - Slapshot by Matthew Kessel.
19:18 of 3rd period - Shot Misses the Net.
19:20 of 3rd period - Slapshot by Jakob Pelletier.
19:20 of 3rd period - Stopped by Ilya Konovalov without a rebound.
19:21 of 3rd period - Grant Mismash wins face-off versus Logan Brown in Long Beach Ice Dogs zone.
19:48 of 3rd period - Icing by Matthew Kessel.
19:49 of 3rd period - Jakob Pelletier wins face-off versus Jujhar Khaira in Peoria Rivermen zone.
19:54 of 3rd period - Snap shot by Jakob Pelletier.
19:54 of 3rd period - Stopped by Ilya Konovalov with a rebound.
Goals for this period are 2 for Long Beach Ice Dogs vs 1 for Peoria Rivermen.
Shots for this period are 8 for Long Beach Ice Dogs vs 12 for Peoria Rivermen.
Back to the Top